 Dungeon Crawl Stone Soup version 0.21.1-1-g345015fe64 (webtiles) character file.

51 Oravi the Insei (level 3, 0/26 HPs)
             Began as a Merfolk Transmuter on May 1, 2018.
             Succumbed to an adder's poison
             ... on level 2 of the Dungeon.
             The game lasted 00:05:16 (1413 turns).

Oravi the Insei (Merfolk Transmuter)                Turns: 1413, Time: 00:05:16

Health: 0/26       AC:  2    Str:  8 (10) XL:     3   Next: 81%
Magic:  6/6        EV: 13    Int: 15 (18) God:
Gold:   88         SH:  0    Dex: 12 (14) Spells: 0/6 levels left

rFire    . . .     SeeInvis .     - Unarmed
rCold    . . .     Gourm    .   (no shield)
rNeg     + . .     Faith    .   b - +0 robe
rPois    .         Spirit   .   (no helmet)
rElec    .         Reflect  .   (no cloak)
rCorr    .         Harm     .   (no gloves)
MR       .....                  (no boots)
Stlth    +.........             (no amulet)
HPRegen  0.08/turn              j - ring of positive energy
MPRegen  0.10/turn              (no ring)

@: brilliant, lethally poisoned (0 -> -12), flying
A: change form in water, swift swim, stealthy swim
a: no special abilities


You were on level 2 of the Dungeon.
You were not hungry.

You visited 1 branch of the dungeon, and saw 2 of its levels.

You collected 88 gold pieces.

Inventory:

Missiles
 a - 9 arrows
 i - 86 stones (quivered)
Armour
 b - a +0 robe (worn)
Jewellery
 j - a ring of positive energy (left hand)
Wands
 p - a wand of polymorph (2)
Scrolls
 e - a scroll of enchant weapon {unknown}
 h - a scroll of teleportation {unknown}
 k - 2 scrolls of identify {unknown}
 m - a scroll of fog {unknown}
 o - 3 scrolls of amnesia {unknown}
Potions
 g - a potion of brilliance
 n - a potion of degeneration
Books
 c - a book of Changes

   Spells                             Type                      Level
   a - Beastly Appendage              Transmutation                1
   b - Sticks to Snakes               Transmutation                2
   c - Spider Form                    Transmutation/Poison         3
   d - Ice Form                       Ice/Transmutation            4
   e - Blade Hands                    Transmutation                5
Comestibles
 d - a ration
 f - 2 chunks of flesh


   Skills:
 - Level 1.1 Fighting
 - Level 2.6 Dodging
 + Level 4.2 Unarmed Combat
 - Level 2.0 Spellcasting
 + Level 4.0 Transmutations
 + Level 1.0 Poison Magic


You couldn't memorise any spells.
You knew the following spells:

 Your Spells              Type           Power        Failure   Level  Hunger
a - Beastly Appendage     Tmut           ###...       1%          1    #......
b - Sticks to Snakes      Tmut           ###.....     1%          2    ###....
c - Spider Form           Tmut/Pois      ###.......   3%          3    ###....


Dungeon Overview and Level Annotations

Branches:
Dungeon (2/15)

Altars:


Message History

You closely miss the adder.
The adder is severely wounded.
You feel sick. The adder bites you.
* * * LOW HITPOINT WARNING * * *
You are more poisoned.
The adder poisons you! The adder barely misses you.
You closely miss the adder.
The adder is severely wounded.
Your horns disappear.
* * * LOW HITPOINT WARNING * * *
You feel sick. The adder closely misses you.
You miss the adder.
The adder is severely wounded.
* * * LOW HITPOINT WARNING * * *
You feel sick. The adder barely misses you.
You hit the adder.
You kill the adder!
Your Transmutations skill increases to level 4!
Your Poison Magic skill increases to level 1!
You die...

#.# #.# ..# # #.# #.
#.#
##.#.#######.########
...........)........(
#.......@†..(..(
#.#####.###.#### #.#
#.# # #.# #.# #.#.#
#.# ....#.#.# #.#
....#...#####.#
........#...#..
............###


There were no monsters in sight!

Vanquished Creatures
  An adder (D:2)
  A leopard gecko (D:1)
  A giant cockroach (D:1)
  5 hobgoblins
  7 jackals
  2 kobolds
  2 quokkas (D:2)
  4 bats (D:1)
  3 frilled lizards (D:1)
  4 goblins
  7 rats
37 creatures vanquished.

Notes
Turn   | Place    | Note
-------+----------+-------------------------------------------
     0 | D:1      | Oravi the Merfolk Transmuter began the quest for the Orb.
     0 | D:1      | Reached XP level 1. HP: 15/15 MP: 3/3
   197 | D:1      | Reached XP level 2. HP: 12/21 MP: 3/5
   211 | D:1      | Learned a level 2 spell: Sticks to Snakes
   831 | D:1      | Reached XP level 3. HP: 17/26 MP: 3/6
   836 | D:1      | Learned a level 3 spell: Spider Form
  1412 | D:2      | HP: 1/26 [poisoned by an adder]
  1413 | D:2      | Reached skill level 1 in Poison Magic
  1413 | D:2      | Succumbed to an adder's poison

Skill      XL: |  1  2  3 |
---------------+----------+-----
Transmutations | 3 4 |  4.0
Unarmed Combat | 4 |  4.2
Poison Magic   | 1 |  1.0
Fighting       | |  1.1
Dodging        | |  2.6
Spellcasting   | |  2.0

Action                   || total
-------------------------++-------
Melee: Unarmed           ||   119
       Headbutt          ||    10
       Punch             ||     1
Throw: Stone             ||    23
 Cast: Beastly Appendage ||    22
       Sticks to Snakes  ||     3
  Use: Potion            ||     4
 Stab: Sleeping          ||     1
  Eat: Chunk             ||     2
Armor: Robe              ||    23
Dodge: Dodged            ||    84
